Map: 升格之链

Players

梦想天生

  • Race: Zerg Zerg
  • Spawn Location: 11:00

喂人民服雾

  • Race: Terran Terran
  • Spawn Location: 11:00

VOD

Have the link to the VOD?

Description

Time

  • Played on: March 12, 2018, 8:14 a.m.
  • Length: 13:27
Show
View Real Time Build Order
Export as new Build Order

梦想天生 Zerg 

Build Orders:  

Get SALT Encoding   

  12  0:29  Roach Warren  
  11  0:32  Drone  
  11  0:37  Drone  
  13  0:47  Drone  
  12  1:13  Roach  
  12  1:14  Spore Crawler  
  12  1:16  Overlord, Drone  
  14  1:52  Drone x2  
  14  1:53  Drone  
  14  1:57  Extractor  
  16  2:00  Drone x3  
  16  2:01  Drone  
  16  2:02  Extractor  
  16  2:04  Roach  
  19  2:26  Brutalisk  
  19  2:33  Drone x2  
  19  2:36  Drone  
  22  3:16  Overlord  
  22  3:18  Lair  
  22  4:51  Roach  
  22  4:56  Roach  
  22  4:57  Drone x3  
  22  4:58  Drone  
  30  5:00  Spire  
  29  5:15  Overlord, Drone  
  29  5:16  Overlord  
  30  5:47  Roach  
  30  5:52  Roach  
  30  6:00  Mutalisk  
  30  6:01  Mutalisk x2  
  30  6:09  Brutalisk  
  36  6:14  Brutalisk  
  36  6:45  Infestation Pit  
  35  7:34  Mutalisk x3  
  35  8:02  Leviathan x3  
  35  8:14  Overseer  
  35  8:53  Mutalisk x2  
  35  8:54  Hive  
  35  8:56  Mutalisk x3  
  45  11:05  Overlord x4  
  37  12:21  Mutalisk x6  
  49  12:33  Mutalisk  
  43  13:01  Leviathan  
Show
View Real Time Build Order
Export as new Build Order

喂人民服雾 Terran 

Build Orders:  

Get SALT Encoding   

Tags
 
Commander
AbathurRaynor
Matchup
Co-op
Replay Pack
Co-op Speedrun
Add a new tag
Caveats
  • Supply blocks, unpowered buildings, or Contaminate may cause inaccurate times.
  • Supply counts are checked every 10 seconds.